 Dungeon Crawl Stone Soup version 0.28.0-43-g3370ac3207 (webtiles) character file.

Game seed: 13127135712302759307

78 Revguard the Insei (level 4, 0/36 HPs)
             Began as a Draconian Transmuter on Mar 14, 2022.
             Slain by a gnoll
             ... wielding a +0 spear
              (6 damage)
             ... on level 3 of the Dungeon.
             The game lasted 00:06:17 (2441 turns).

Revguard the Insei (Draconian Transmuter)           Turns: 2441, Time: 00:06:17

Health: 0/36       AC:  5    Str: 13    XL:     4   Next: 15%
Magic:  5/7        EV:  6    Int: 16    God:
Gold:   47         SH:  0    Dex: 11    Spells: 1/8 levels left

rFire   . . .      SeeInvis +     - Unarmed
rCold   . . .      Faith    +   (no shield)
rNeg    . . .      Spirit   .   (armour unavailable)
rPois   .          Reflect  .   (helmet restricted)
rElec   .          Harm     .   (no cloak)
rCorr   .          Rampage  .   (no gloves)
Will    ++...      Clarity  +   (no boots)
Stlth   +.........              l - amulet "Dimaruon" {Faith Will+ Int+3 Dex-2}
HPRegen 0.12/turn               (no ring)
MPRegen 0.10/turn               (no ring)

@: wereblooded, held
A: AC +5, unfitting armour, cold-blooded, see invisible, clarity, strong-willed
1
a: no special abilities


You were on level 3 of the Dungeon.
You visited 1 branch of the dungeon, and saw 3 of its levels.

You collected 47 gold pieces.

Inventory:

Jewellery
 l - the amulet "Dimaruon" (around neck) {Faith Will+ Int+3 Dex-2}
   (You found it on level 2 of the Dungeon)

   [amulet of faith]

   It allows you to gain divine favour quickly.
   Int:       It affects your intelligence (+3).
   Dex:       It affects your dexterity (-2).
   Will:      It increases your willpower.
Scrolls
 a - 4 scrolls of teleportation
 b - a scroll of enchant armour {unknown}
 k - 2 scrolls of brand weapon
Potions
 c - a potion of magic
 d - a potion of flight
 e - a potion of brilliance {unknown}
 f - a potion of resistance {unknown}
 i - a potion of heal wounds {unknown}
 j - a potion of haste {unknown}
 n - 3 potions of curing {unknown}


   Skills:
 + Level 2.1 Fighting
 + Level 2.4 Dodging
 + Level 3.3 Unarmed Combat
 + Level 2.6 Spellcasting
 + Level 2.5 Transmutations


You had one spell level left.
You knew the following spells:

 Your Spells              Type           Power      Damage    Failure   Level
a - Beastly Appendage     Tmut           20%        N/A       7%          1
b - Wereblood             Tmut           10%        N/A       11%         2
c - Ice Form              Ice/Tmut       6%         N/A       75%         4

Your spell library contained the following spells:

 Spells                   Type           Power      Damage    Failure   Level
 Spider Form              Tmut/Pois      6%         N/A       34%         3


Dungeon Overview and Level Annotations

Branches:
Dungeon (3/15)

Altars:


Innate Abilities, Weirdness & Mutations

Your plain brown scales are hard. (AC +5)
You cannot fit into any form of body armour.
You are cold-blooded and may be slowed by cold attacks.
You have supernaturally acute eyesight. (SInv)
You possess an exceptional clarity of mind.
You are strong-willed. (Will+)


Message History

The gnoll barely misses you.
Casting: Wereblood (safe; 11% risk of failure)
Confirm with . or Enter, or press ? or * to list all spells.
The spell is potentially lethal to miscast (75% risk of failure)!
Continue anyway? [Y]es or [N]o only, please.
The spell is potentially lethal to miscast (75% risk of failure)!
Continue anyway? [Y]es or [N]o only, please.
The spell is potentially lethal to miscast (75% risk of failure)!
Continue anyway? [Y]es or [N]o only, please.
The spell is potentially lethal to miscast (75% risk of failure)!
Continue anyway? [Y]es or [N]o only, please.
The spell is potentially lethal to miscast (75% risk of failure)!
Continue anyway?
Okay, then.
Casting: Ice Form (potentially lethal; 75% risk of failure)
Confirm with . or Enter, or press ? or * to list all spells.
You miscast Beastly Appendage.
You are very lightly contaminated with residual magic.
Nothing appears to happen.
The gnoll hits you with a +0 spear.
You hit the gnoll but do no damage. You closely miss the gnoll.
The gnoll hits you from afar with a +0 spear.
You barely miss the gnoll. The gnoll hits you with a +0 club.
The gnoll hits you from afar with a +0 spear.
You barely miss the gnoll. The gnoll hits you with a +0 club.
The gnoll hits you but does no damage.
You closely miss the gnoll. The gnoll hits you with a +0 club.
* * * LOW HITPOINT WARNING * * *
The gnoll hits you but does no damage.
You barely miss the gnoll. The gnoll closely misses you.
The gnoll hits you from afar with a +0 spear.
* * * LOW HITPOINT WARNING * * *
Okay, then.
Your magical contamination has completely faded away.
The gnoll throws a throwing net.
The throwing net hits you.
You become entangled in the net!
You see here a throwing net.
You struggle against the net.
You tear a large gash into the net.
The gnoll barely misses you.
The gnoll hits you from afar with a +0 spear.
You die...

#..# #.# #
#..#########.#
#
#............#
#
#.############
# #.######## #
#........# #
########.# ###
###########.#
#.<
#.g@........#
#.#
#g###########
#.# #.# #.#
#.# #.# #..#
#.# ...# #.#
P♣..# #.#
.♣.... #.# ♣♣
....# ♣.♣


You could see 2 gnolls.

Vanquished Creatures
  2 adders
  2 worms
  2 dart slugs
  2 orcs
  13 bats
  7 endoplasms
  A giant cockroach (D:1)
  A hobgoblin (D:2)
  4 kobolds (D:1)
  A quokka (D:1)
  5 ball pythons
  2 frilled lizards
  4 goblins
  3 rats (D:1)
49 creatures vanquished.

Vanquished Creatures (others)
  5 plants (D:3)
5 creatures vanquished.

Grand Total: 54 creatures vanquished

Notes
Turn   | Place    | Note
-------+----------+-------------------------------------------
     0 | D:1      | Revguard the Draconian Transmuter began the quest for the
                  | Orb.
     0 | D:1      | Reached XP level 1. HP: 16/16 MP: 3/3
   224 | D:1      | Reached XP level 2. HP: 23/23 MP: 3/5
   260 | D:1      | Learned a level 2 spell: Wereblood
   948 | D:1      | Reached XP level 3. HP: 29/29 MP: 6/6
  1433 | D:2      | Found a faded altar of an unknown god.
  1534 | D:2      | Identified the amulet "Dimaruon" {Faith Will+ Int+3 Dex-2}
  1860 | D:2      | Gained mutation: You have supernaturally acute eyesight.
                  | (SInv) [potion of mutation]
  1860 | D:2      | Gained mutation: You are strong-willed. (Will+) [potion of
                  | mutation]
  1860 | D:2      | Gained mutation: You possess an exceptional clarity of
                  | mind. [potion of mutation]
  1926 | D:3      | Reached XP level 4. HP: 24/36 MP: 7/7
  2104 | D:3      | Learned a level 4 spell: Ice Form
  2441 | D:3      | Slain by a gnoll

Illustrated notes

Levels and vault maps discovered:
D:1:      dpeg_arrival_rooms_b, layout_loops_corners, minmay_domino_2
D:2:      layout_rooms, chequers_ecumenical_altar_simple_redux
D:3:      layout_loops_ring, serial_forest, infiniplex_forest_straight_4,
          infiniplex_forest_clump_diagonal, infiniplex_forest_lined_3,
          infiniplex_forest_diagonal, infiniplex_forest_clump_C,
          infiniplex_forest_clump_medium, infiniplex_forest_lined_3

Skill      XL: |  1  2  3 |
---------------+----------+-----
Dodging        | 2 |  2.4
Fighting       | 2 |  2.1
Unarmed Combat | |  3.3
Spellcasting   | |  2.6
Transmutations | |  2.5

Action                   |  1- 3 |  4- 6 || total
-------------------------+-------+-------++-------
Melee: Unarmed           |   124 |    27 ||   151
       Kick              |     7 |     1 ||     8
       Tailslap          |    12 |     2 ||    14
       Headbutt          |     3 |     1 ||     4
       Punch             |     3 |     1 ||     4
 Cast: Beastly Appendage |    10 |     1 ||    11
       Wereblood         |     1 |     1 ||     2
  Use: Scroll            |     7 |       ||     7
       Potion            |     2 |       ||     2
 Stab: Sleeping          |     1 |       ||     1
Armor: Skin              |    53 |    14 ||    67
Dodge: Dodged            |   115 |    17 ||   132
